 Dungeon Crawl Stone Soup version 0.30-a0-778-g2ef04afb54 (webtiles) character file.

Game seed: 17321681120867381990

17 theswoord the Chiller (level 2, -1/22 HPs)
             Began as a Naga Ice Elementalist on Feb 15, 2023.
             Slain by Jessica
             ... wielding a +0 spectral club
              (7 damage)
             ... on level 1 of the Dungeon.
             The game lasted 00:02:14 (961 turns).

theswoord the Chiller (Naga Ice Elementalist)        Turns: 961, Time: 00:02:15

Health: -1/22      AC:  1    Str: 10    XL:     2   Next: 62%
Magic:  2/5        EV:  9    Int: 15    God:
Gold:   84         SH:  0    Dex: 11    Spells: 5/6 levels left

rFire   + . .      SeeInvis +    i - +0 rapier
rCold   + . .      Faith    .    (no shield)
rNeg    . . .      Spirit   .    a - +0 robe
rPois   +          Reflect  .    (no helmet)
rElec   .          Harm     .    h - scarf {rC+ rF+}
rCorr   .          Rampage  .    (no gloves)
Will    .....                    (no barding)
Stlth   ++                       (no amulet)
HPRegen 0.23/turn                (no ring)
MPRegen 0.09/turn                (no ring)

@: very slow
A: AC +0, large, see invisible, deformed body, poison resistance, slowness 2,
spit poison 1, naga tail 1
a: Spit Poison


You were on level 1 of the Dungeon.
You visited 1 branch of the dungeon, and saw 2 of its levels.

You collected 84 gold pieces.

Inventory:

Hand Weapons
 i - a +0 rapier (weapon)
Armour
 a - a +0 robe (worn)
 h - a scarf of resistance (worn)
Jewellery
 e - a +6 ring of strength
Scrolls
 c - a scroll of enchant armour {unknown}
 d - a scroll of blinking {unknown}
 f - a scroll of vulnerability {unknown}
 g - 2 scrolls of fog {unknown}
Potions
 b - 3 potions of magic


   Skills:
 - Level 1.5 Dodging
 - Level 3.0 Stealth
 + Level 2.5 Spellcasting
 + Level 4.3 Ice Magic


You had 5 spell levels left.
You knew the following spells:

 Your Spells              Type           Power      Damage    Failure   Level
a - Freeze                Ice            56%        1d7       3%          1

Your spell library contained the following spells:

 Spells                   Type           Power      Damage    Failure   Level
 Frozen Ramparts          Ice            28%        1d5       11%         3
 Ozocubu's Armour         Ice            14%        N/A       11%         3
 Summon Ice Beast         Ice/Summ       8%         N/A       65%         4


Dungeon Overview and Level Annotations

Branches:
Dungeon (2/15)

Altars:

Annotations:
D:1 Jessica


Innate Abilities, Weirdness & Mutations

Your serpentine skin is tough. (AC +0)
You have supernaturally acute eyesight. (SInv)
Armour fits poorly on your strangely shaped body.
Your system is resistant to poisons. (rPois)
You cover ground very slowly.
You can spit poison.
You have a snake-like lower body.


Message History

Done exploring.
Done exploring.
No target in view!
Done exploring.
(D) Dungeon
Where to? (? - help)
There is a stone staircase leading down here.
You climb downwards.
Jessica shouts!
Found a scroll labelled NIGIKI ACKYONAS.
Found a stone staircase leading down.
There is a stone staircase leading up here.
There are monsters nearby!
There are monsters nearby!
There are monsters nearby!
There are monsters nearby!
There are monsters nearby!
There are monsters nearby!
There are monsters nearby!
There are monsters nearby!
There are monsters nearby!
Found a pair of gloves.
Found a stone staircase leading down.
You don't know that spell.
There is a stone staircase leading up here.
Jessica gestures at you while chanting. Pain shoots through your body!
You climb upwards.
There is a stone staircase leading down here.
Aim: Jessica, wielding a +0 spectral club and wearing a +0 robe You freeze Jessica.
Jessica closely misses you. The worm bites you!
* * * LOW HITPOINT WARNING * * *
Aim: Jessica, wielding a +0 spectral club and wearing a +0 robe (heavily wounded)
You freeze Jessica.
Jessica hits you with a +0 spectral club.
* * * LOW HITPOINT WARNING * * *
The worm bites you but does no damage.
Aim: Jessica, wielding a +0 spectral club and wearing a +0 robe (severely wounded)
You freeze Jessica.
Jessica hits you with a +0 spectral club!
You die...

#####........# #_# ###.
#...+........#######.###...
##.##........#...##P.P##...
#...#####.###...#PP...#...
####'## #.# #...#PPPPP#...
#.....# #.####..#.P.PP#...
#.....# #.##...##PP..P#...
#.....# #@##.######'###...
#.....## #@w.........# ####
###....# ########..### ######
#....# #..# .....# #....#
#########.# #### ####.# #....#
#.....# #.# #... # #.#
#....###'###.# #.## #... # #.#
#....##....#.# #..# #... #
#.#####'####....#.####.####...
#
#..........'....#.#.......#...


You could see a worm and Jessica.

Vanquished Creatures
  2 ball pythons (D:1)
  3 endoplasms (D:1)
  A giant cockroach (D:1)
  2 hobgoblins (D:1)
  A kobold (D:1)
  A quokka (D:1)
  3 bats (D:1)
  A frilled lizard (D:1)
  A rat (D:1)
15 creatures vanquished.

Notes
Turn   | Place    | Note
-------+----------+-------------------------------------------
     0 | D:1      | theswoord the Naga Ice Elementalist began the quest for the
                  | Orb.
     0 | D:1      | Reached XP level 1. HP: 15/15 MP: 3/3
   335 | D:1      | Reached XP level 2. HP: 22/22 MP: 1/5
   794 | D:1      | Found a faded altar of an unknown god.
   953 | D:2      | Noticed Jessica
   961 | D:1      | Slain by Jessica

Action                     || total
---------------------------++-------
  Melee: Unarmed           ||    27
         Rapier            ||     2
         Punch             ||     1
   Cast: Freeze            ||    22
   Stab: Sleeping          ||     1
 Armour: Robe              ||    14
  Dodge: Dodged            ||    29

Levels and vault maps discovered:
D:1:      dpeg_arrival_water_temple_mockup, layout_basic,
          shapermc_ecumenical_altar_flowoftime, chequers_serial_rivers_marsh
D:2:      layout_rooms, uniq_jessica
